 Dungeon Crawl Stone Soup version 0.21.1-1-g345015fe64 (webtiles) character file.

45906 Loge the Brawler (level 14, -2/146 HPs)
             Began as a Troll Monk on July 18, 2018.
             Was the Champion of Makhleb.
             Slain by a spiny frog (16 damage)
             ... on level 6 of the Lair of Beasts.
             The game lasted 00:31:21 (13179 turns).

Loge the Brawler (Troll Monk)                      Turns: 13179, Time: 00:31:23

Health: -2/146     AC:  9    Str: 23    XL:     14   Next: 2%
Magic:  16/16      EV: 18    Int:  6    God:    Makhleb [******]
Gold:   962        SH:  3    Dex: 15    Spells: 13/13 levels left

rFire    . . .     SeeInvis +     - Unarmed
rCold    . . .     Gourm    +   (no shield)
rNeg     . . .     Faith    .   H - +0 troll leather armour {Purgy}
rPois    .         Spirit   .   (helmet restricted)
rElec    .         Reflect  +   q - +0 cloak
rCorr    .         Harm     .   (gloves unavailable)
MR       +....                  (boots unavailable)
Stlth    ++........             k - +3 amulet of reflection
HPRegen  1.14/turn              Y - +5 ring of evasion
MPRegen  0.15/turn              P - ring of see invisible

@: lethally poisoned (-2 -> -2), hasted, slow
A: large, unfitting armour, claws 3, fast metabolism 3, gourmand, regeneration
1, shaggy fur 1, tough skin 2
a: Minor Destruction, Lesser Servant of Makhleb, Major Destruction, Greater
Servant of Makhleb, Renounce Religion


You were on level 6 of the Lair of Beasts.
You worshipped Makhleb.
Makhleb was exalted by your worship.
You were completely stuffed.

You visited 3 branches of the dungeon, and saw 17 of its levels.
You also visited: Sewer.

You collected 962 gold pieces.

Inventory:

Missiles
 d - 383 stones (quivered)
 Q - 5 tomahawks of returning
Armour
 q - a +0 cloak (worn)
 y - a +2 robe of fire resistance
 H - a +0 troll leather armour (worn) {Purgy}
 X - a +2 robe of cold resistance
Jewellery
 i - an uncursed ring of magical power
 k - a +3 amulet of reflection (around neck)
 E - a +5 ring of intelligence
 F - an uncursed ring of resist corrosion
 P - a ring of see invisible (right claw)
 Y - a +5 ring of evasion (left claw)
Wands
 n - a wand of acid (13)
 z - a wand of paralysis (44)
 G - a wand of random effects (22)
 I - a wand of flame (19)
 L - a wand of polymorph (46)
 N - a wand of disintegration (17)
 S - a wand of digging (17)
 V - a wand of iceblast (6)
Scrolls
 c - a scroll of random uselessness {unknown}
 e - 4 scrolls of immolation {unknown}
 f - 18 scrolls of teleportation
 g - 6 scrolls of enchant armour {unknown}
 j - 3 scrolls of fog {unknown}
 m - a scroll of brand weapon {unknown}
 p - a scroll of magic mapping {unknown}
 s - 13 scrolls of remove curse
 t - 3 scrolls of blinking {unknown}
 A - 3 scrolls of fear {unknown}
 B - a scroll of amnesia {unknown}
 J - 3 scrolls of enchant weapon {unknown}
 K - a scroll of acquirement {unknown}
Potions
 a - 2 potions of brilliance
 h - 2 potions of lignification
 l - 3 potions of haste
 o - 9 potions of might
 r - 3 potions of ambrosia
 u - 5 potions of flight
 w - a potion of cancellation
 x - 2 potions of magic
 D - 2 potions of agility
 M - a potion of invisibility
 R - a potion of mutation
 T - 4 potions of curing
Books
 C - a book of Conjurations

   Spells                             Type                      Level
   a - Magic Dart                     Conjuration                  1
   b - Searing Ray                    Conjuration                  2
   c - Dazzling Spray                 Conjuration/Hexes            3
   d - Fulminant Prism                Conjuration/Hexes            4
   e - Force Lance                    Conjuration/Translocation    4
   f - Iskenderun's Mystic Blast      Conjuration                  4
 O - a book of Necromancy

   Spells                             Type                      Level
   a - Pain                           Necromancy                   1
   b - Animate Skeleton               Necromancy                   1
   c - Vampiric Draining              Necromancy                   3
   d - Regeneration                   Charms/Necromancy            3
   e - Animate Dead                   Necromancy                   4
   f - Borgnjor's Vile Clutch         Necromancy/Earth             5
 Z - a book of Cantrips

   Spells                             Type                      Level
   a - Confusing Touch                Hexes                        1
   b - Animate Skeleton               Necromancy                   1
   c - Summon Small Mammal            Summoning                    1
   d - Apportation                    Translocation                1
Miscellaneous
 U - a phantom mirror
Comestibles
 b - 30 rations
 W - 29 chunks of flesh


   Skills:
 + Level 11.2 Fighting
 + Level 5.9 Armour
 + Level 6.5 Dodging
 - Level 1.0 Stealth
 + Level 16.7 Unarmed Combat
 + Level 4.6 Invocations


You had 13 spell levels left.
You didn't know any spells.

Dungeon Overview and Level Annotations

Branches:
Dungeon (10/15)            Temple (1/1) D:7            Lair (6/6) D:9
  Swamp (0/4) Lair:3       Spider (0/4) Lair:2
  Slime: Lair:5-6       Orc: D:9-12

Altars:
Ashenzari
Cheibriados
Dithmenos
Elyvilon
Fedhas
Gozag
Hepliaklqana
Kikubaaqudgha
Makhleb
Nemelex Xobeh
Okawaru
Qazlal
Ru
Sif Muna
Trog
Uskayaw
Vehumet
Wu Jian
Xom
Yredelemnul
Zin
The Shining One

Shops:
D:9 (

Annotations:
D:4 brittlin's ghost, amateur HOFi
Lair:3 exclusion: 2 oklob plants
Lair:5 exclusion: 2 oklob plants


Innate Abilities, Weirdness & Mutations

You are too large for most types of armour.
You have claws for hands.
Your metabolism is lightning-fast.
You like to eat raw meat.
Your natural rate of healing is unusually fast.
You are covered in fur. (AC +1)
You have very tough skin. (AC +2)


Message History

You block the nine-headed hydra's attack.
The nine-headed hydra bites you.
* * * LOW HITPOINT WARNING * * *
The nine-headed hydra barely misses you.
You feel sick. The spiny frog closely misses you. The tyrant leech bites you!
* * * LOW HITPOINT WARNING * * *
The tyrant leech draws strength from your injuries!
You feel much better. The nine-headed hydra bites you.
* * * LOW HITPOINT WARNING * * *
The nine-headed hydra barely misses you.
The nine-headed hydra bites you but does no damage. x2
The nine-headed hydra completely misses you.
You block the nine-headed hydra's attack.
The nine-headed hydra bites you!
* * * LOW HITPOINT WARNING * * *
The nine-headed hydra bites you.
* * * LOW HITPOINT WARNING * * *
The nine-headed hydra misses you.
You feel yourself speed up.
You feel sick. The spiny frog stings you!
You die...

.......(..†#.....≈≈P
..........÷<#...≈≈≈≈≈≈≈≈≈
..........†##..≈P≈≈≈≈≈≈≈P≈
............#..≈≈≈≈≈≈≈≈≈≈≈≈#
...........##.≈≈≈≈≈≈≈≈≈≈≈≈≈#
...........#.≈≈≈≈≈P≈≈≈≈≈≈≈.#
...........#P.≈≈≈≈≈≈≈≈≈≈≈≈#
............≈.≈F≈≈≈≈≈≈≈≈≈##
...........†..@D≈≈≈≈≈≈≈≈≈≈#
..............≈w≈≈≈≈≈≈≈≈.#
...........÷÷.≈P≈≈≈≈≈≈.PP##
.............≈≈≈≈#P≈≈.≈≈PP#
..........÷..≈P≈≈#≈≈.P≈/:P#≈≈
.............P≈≈##≈PP≈}})≈≈≈≈
.............≈#####≈P≈?[)P≈≈#
.............≈≈##≈≈.#≈?%P≈.≈≈
.(..........÷≈≈#≈≈≈≈#P≈≈≈≈.≈≈


You could see a nine-headed hydra, a tyrant leech and a spiny frog.

Vanquished Creatures
  Fannar (D:10)
  The ghost of Roikka the Fighter, a journeyman MiFi of Cheibriados (D:10)
  5 two-headed ogres
  An unseen horror (D:8)
  An ugly thing (D:8)
  A manticore (Lair:5)
  3 black mambas
  3 komodo dragons
  15 spiny frogs
  4 rime drakes
  A troll (D:10)
  2 meliai (Lair:5)
  2 tyrant leeches
  A polar bear (Lair:3)
  2 hornets (D:8)
  Grinder (D:6)
  20 blink frogs
  9 hippogriffs
  Sigmund (D:4)
  A wraith (D:8)
  2 wyverns
  2 basilisks
  37 yaks
  Eustachio (D:4)
  A hungry ghost (D:7)
  4 vampire mosquitoes
  A soldier ant (D:8)
  Duvessa (D:6)
  8 water moccasins
  2 hell hounds (D:9)
  7 porcupines
  4 sky beasts
  2 orc warriors
  4 phantoms
  7 wolves
  A hornet zombie (D:10)
  Purgy (Sewer)
  2 ice beasts
  A necrophage (D:9)
  3 ogres
  3 centaurs
  11 crocodiles
  2 big kobolds
  Blork the orc (D:6)
  30 bullfrogs
  A wyvern zombie (D:7)
  Dowan (D:6)
  A wyvern skeleton (D:6)
  6 scorpions
  24 killer bees
  6 howler monkeys
  3 wights (D:6)
  2 electric eels
  4 crimson imps
  4 hounds
  11 orc priests
  3 jellies
  Crazy Yiuf (D:5)
  4 iguanas
  7 orc wizards
  10 worker ants
  A hound zombie (D:3)
  3 hound skeletons
  2 worker ant zombies
  8 adders
  3 gnolls (D:7)
  2 howler monkey skeletons
  A river rat (D:6)
  4 oozes
  An adder skeleton (D:6)
  5 worms
  8 leopard geckos
  17 orcs
  11 ball pythons
  7 giant cockroaches
  6 goblins
  8 hobgoblins
  8 jackals
  3 quokkas
  4 bats
  10 frilled lizards
  17 kobolds
  A quokka skeleton (D:4)
  9 rats
440 creatures vanquished.

Vanquished Creatures (collateral kills)
  A hydra (Lair:5)
  A spiny frog (Lair:6)
  A hippogriff (Lair:5)
  2 killer bees (Lair:5)
5 creatures vanquished.

Vanquished Creatures (others)
  11 fungi
  23 plants
34 creatures vanquished.

Grand Total: 479 creatures vanquished

Notes
Turn   | Place    | Note
-------+----------+-------------------------------------------
     0 | D:1      | Loge the Troll Monk began the quest for the Orb.
     0 | D:1      | Reached XP level 1. HP: 22/22 MP: 0/0
   324 | D:1      | Reached XP level 2. HP: 29/29 MP: 1/1
   861 | D:2      | Reached XP level 3. HP: 36/36 MP: 2/2
   910 | D:2      | Reached skill level 4 in Unarmed Combat
  1373 | D:3      | Reached XP level 4. HP: 23/45 MP: 3/3
  1416 | D:3      | Noticed a big kobold
  1423 | D:3      | Killed a big kobold
  1423 | D:3      | Reached skill level 5 in Unarmed Combat
  1423 | D:3      | Reached XP level 5. HP: 37/53 MP: 4/4
  2046 | D:4      | Noticed Sigmund
  2052 | D:4      | Killed Sigmund
  2052 | D:4      | Reached skill level 6 in Unarmed Combat
  2052 | D:4      | Reached XP level 6. HP: 55/62 MP: 5/5
  2058 | D:4      | Noticed Eustachio
  2068 | D:4      | Killed Eustachio
  2068 | D:4      | Reached XP level 7. HP: 59/70 MP: 6/6
  2508 | D:4      | Reached skill level 7 in Unarmed Combat
  2539 | D:4      | Noticed brittlin's ghost (amateur HOFi)
  2970 | D:5      | Entered Level 5 of the Dungeon
  3001 | D:5      | Reached skill level 5 in Fighting
  3001 | D:5      | Reached skill level 8 in Unarmed Combat
  3072 | D:5      | Found an ancient bone altar of Kikubaaqudgha.
  3079 | D:5      | Reached XP level 8. HP: 80/80 MP: 7/7
  3224 | D:5      | Found a runed door.
  3299 | D:5      | Paralysed by an orc priest for 4 turns
  3375 | D:5      | Noticed a two-headed ogre
  3401 | D:5      | Killed a two-headed ogre
  3401 | D:5      | Reached skill level 10 in Unarmed Combat
  3457 | D:5      | Found a basalt altar of Yredelemnul.
  3460 | D:5      | Found a glowing golden altar of the Shining One.
  3462 | D:5      | Noticed an angel
  3471 | D:5      | Noticed a profane servitor
  3665 | D:5      | Found a white marble altar of Elyvilon.
  3684 | D:5      | Found a sparkling altar of Nemelex Xobeh.
  3870 | D:5      | Noticed Crazy Yiuf
  3878 | D:5      | Killed Crazy Yiuf
  3878 | D:5      | Reached XP level 9. HP: 86/89 MP: 8/8
  4062 | D:6      | Noticed Grinder
  4063 | D:6      | Paralysed by Grinder for 6 turns
  4084 | D:6      | Killed Grinder
  4175 | D:6      | Noticed Duvessa
  4175 | D:6      | Noticed Dowan
  4196 | D:6      | Killed Duvessa
  4220 | D:6      | Killed Dowan
  4220 | D:6      | Reached skill level 11 in Unarmed Combat
  4347 | D:6      | Found a glowing drain.
  4356 | Sewer    | Entered a sewer
  4394 | Sewer    | Noticed Purgy
  4409 | Sewer    | Killed Purgy
  4611 | D:6      | Noticed Blork the orc
  4616 | D:6      | Killed Blork the orc
  4695 | D:6      | Found a shadowy altar of Dithmenos.
  5185 | D:7      | Found a shattered altar of Ashenzari.
  5214 | D:7      | Found a staircase to the Ecumenical Temple.
  5223 | Temple   | Entered the Ecumenical Temple
  5340 | Temple   | Became a worshipper of Makhleb the Destroyer
  5340 | Temple   | Reached * piety under Makhleb
  5340 | Temple   | Reached ** piety under Makhleb
  5507 | D:7      | Reached XP level 10. HP: 95/102 MP: 9/9
  5561 | D:7      | Reached skill level 12 in Unarmed Combat
  5953 | D:8      | Noticed a green ugly thing
  5969 | D:8      | Killed a green ugly thing
  6206 | D:8      | Killed an unseen horror
  6586 | D:8      | Reached skill level 13 in Unarmed Combat
  6786 | D:8      | Paralysed by a hornet for 1 turns
  6793 | D:8      | Paralysed by a hornet for 2 turns
  6945 | D:9      | Noticed a two-headed ogre
  6953 | D:9      | Killed a two-headed ogre
  6992 | D:9      | Found Minofet's Antique Weapon Shop.
  7075 | D:9      | Reached *** piety under Makhleb
  7076 | D:9      | Reached skill level 14 in Unarmed Combat
  7076 | D:9      | Reached XP level 11. HP: 115/115 MP: 10/10
  7157 | D:9      | Found a staircase to the Lair.
  7166 | D:9      | Reached skill level 15 in Unarmed Combat
  7480 | D:9      | Reached XP level 12. HP: 108/124 MP: 11/11
  7582 | D:10     | Entered Level 10 of the Dungeon
  7582 | D:10     | Noticed a two-headed ogre
  7587 | D:10     | Killed a two-headed ogre
  7587 | D:10     | Reached skill level 1 in Armour
  7668 | D:10     | Noticed a two-headed ogre
  7674 | D:10     | Killed a two-headed ogre
  7685 | D:10     | Noticed Roikka's ghost (journeyman MiFi)
  7703 | D:10     | Killed Roikka's ghost
  7859 | D:10     | Noticed a two-headed ogre
  7863 | D:10     | Killed a two-headed ogre
  7909 | D:10     | Noticed Fannar
  7932 | D:10     | Killed Fannar
  7932 | D:10     | Reached skill level 10 in Fighting
  7976 | D:10     | Reached **** piety under Makhleb
  8388 | Lair:1   | Entered Level 1 of the Lair of Beasts
  8933 | Lair:1   | Found a radiant altar of Vehumet.
  9219 | Lair:2   | Reached skill level 16 in Unarmed Combat
  9491 | Lair:2   | Found a hole to the Spider Nest.
  9975 | Lair:3   | Reached ***** piety under Makhleb
  9981 | Lair:3   | Reached skill level 1 in Invocations
 10010 | Lair:3   | Reached XP level 13. HP: 135/135 MP: 12/12
 10145 | Lair:3   | Found a staircase to the Swamp.
 10783 | Lair:4   | Reached skill level 5 in Dodging
 12182 | Lair:5   | Reached skill level 5 in Armour
 12423 | Lair:5   | Reached ****** piety under Makhleb
 12728 | Lair:6   | Entered Level 6 of the Lair of Beasts
 13129 | Lair:6   | Reached XP level 14. HP: 141/146 MP: 16/16
 13177 | Lair:6   | HP: 1/146 [tyrant leech (9)]
 13179 | Lair:6   | Slain by a spiny frog

Skill      XL: |  1  2  3  4  5  6  7  8  9 10 11 12 13 |
---------------+----------------------------------------+-----
Unarmed Combat | 4 5 6 8 10 11 14 15 16 | 16.7
Fighting       | 3 4 5 6 7 9 10 11 | 11.2
Armour         | 4 5 |  5.9
Dodging        | 4 6 |  6.5
Invocations    | 1 4 |  4.6
Stealth        | |  1.0

Action                   |  1- 3 |  4- 6 |  7- 9 | 10-12 | 13-15 || total
-------------------------+-------+-------+-------+-------+-------++-------
Melee: Unarmed           |    90 |    82 |   272 |   436 |   406 ||  1286
       Punch             |       |     3 |    14 |    29 |    41 ||    87
Invok: Lesser Servant of |       |       |       |       |     4 ||     4
       Minor Destruction |       |       |       |       |     1 ||     1
  Use: Scroll            |       |     1 |       |    11 |     2 ||    14
       Potion            |       |       |       |     2 |     5 ||     7
 Stab: Sleeping          |     8 |       |     2 |     1 |       ||    11
  Eat: Chunk             |    18 |     6 |    32 |    45 |    29 ||   130
Armor: Robe              |    19 |    10 |       |       |       ||    29
       Troll leather arm |       |    27 |    84 |   125 |    94 ||   330
Dodge: Dodged            |    44 |    38 |   132 |   141 |   452 ||   807
Block: Other             |       |       |       |    43 |    76 ||   119
